[Event "*** Titled Tuesday Blitz"]
[Site "Chess.com"]
[Date "2019.11.05"]
[Round "5"]
[White "Aygehovit1992"]
[Black "Gabrielian_Artur"]
[Result "1-0"]
[WhiteElo "2617"]
[BlackElo "2813"]
[TimeControl "180+2"]
[EndTime "14:10:22 PST"]
[Termination "Aygehovit1992 won on time"]

1. e4 c5 2. Nf3 d6 3. d4 cxd4 4. Nxd4 Nf6 5. Nc3 Nc6 6. Be2 e5 7. Nb3 Be7 8. O-O O-O 9. Bg5 Be6 10. Bf3 a6 11. Bxf6 Bxf6 12. Nd5 Bg5 13. Bg4 Kh8 14. a4 Ne7 15. Bxe6 fxe6 16. Nxe7 Qxe7 17. a5 Rf4 18. Nd2 Raf8 19. Ra3 d5 20. g3 R4f7 21. Nf3 dxe4 22. Nxe5 Rf5 23. Ng4 Qc5 24. Qe2 h5 25. Ne3 Bxe3 26.
Rxe3 Qxa5 27. Rxe4 e5 28. b4 Qb6 29. c3 Qf6 30. Kg2 b5 31. f3 Kh7 32. Re3 Rf7 33. Re1 g6 34. Rd1 Qc6 35. Rdd3 Qc4 36. Re4 Qc7 37. Rde3 Qc6 38. Rd3 Qf6 39. Rde3 Qc6 40. Rd3 Qf6 41. h3 Kg7 42. g4 hxg4 43. hxg4 Qg5 44. Rde3 Rd7 45. Rxe5 Rxe5 46. Rxe5 Rd2 47. Rxg5 Rxe2+ 48. Kg3 Rc2 49. Rc5 Kf6 50. Kf4 g5+ 51.
Rxg5 Rxc3 52. Rc5 Rb3 53. Rc6+ Kf7 54. g5 Rxb4+ 55. Kf5 Rc4 56. Rxa6 Rc5+ 57. Kg4 Rc1 58. Rb6 Rb1 59. g6+ Kg7 60. Kf5 b4 61. Rb7+ Kf8 62.
Kf6 Ke8 63. g7 1-0

[Event "*** Titled Tuesday Blitz"]
[Site "Chess.com"]
[Date "2019.11.05"]
[Round "5"]
[White "wonderfultime"]
[Black "KhalilMousavi77"]
[Result "0-1"]
[WhiteElo "2956"]
[BlackElo "2908"]
[TimeControl "180+2"]
[EndTime "14:10:28 PST"]
[Termination "KhalilMousavi77 won by resignation"]

1. d4 d5 2. Nf3 Nf6 3. Bf4 c5 4. c3 Nc6 5. e3 Qb6 6. Qc2 g6 7. Nbd2 Bg7 8. Be2 O-O 9. O-O Nh5 10. Be5 Bf5 11. Qb3 c4 12. Qxb6 axb6 13. Bxg7 Nxg7 14. h3 b5 15. a3 f6 16. g4 Bd7 17. e4 dxe4 18. Nxe4 Ne6 19. Rfe1 Nf4 20. Bf1 Be6 21. Kh2 Bd5 22. Kg3 g5 23. Re3 h5 24. Rae1 b6 25.
gxh5 Nxh5+ 26. Kh2 Rf7 27. Ng3 Nf4 28. Nf5 Kf8 29.
Nd2 Rd8 30. Ng3 Rh7 31. Nge4 Rd7 32. a4 bxa4 33. Bxc4 Bxc4 34. Nxc4 b5 35. Nc5 Rd8 36. Nb6 Kf7 37. Nbd7 Rdh8 38. Kg1 Nxh3+ 39. Kg2 Nf4+ 40. Kf3 Rh3+ 41. Ke4 e6 42. Rxh3 Rxh3 43. f3 f5+ 44. Ke3 Ng2+ 45. Kf2 Nxe1 46. Kxe1 Rxf3 47. Nb7 g4 48.
Ke2 Rh3 49. Ndc5 Rh2+ 50. Ke3 Rxb2 51. c4 a3 52. cxb5 a2 53. bxc6 a1=Q 54. Kf4 Qc1+ 55. Ke5 Qe3+ 56. Kd6 Qxd4+ 57. Kc7 g3 58. Nd6+ Qxd6+ 59. Kxd6 Rb6 60. Nd7 g2 61. Nxb6 g1=Q 62. Nd7 Qd4+ 63.
Kc7 Ke7 64. Nb6 Qd6+ 65. Kb7 Kd8 66. Na8 Qb4+ 67. Nb6 Qe4 68. Nd7 f4 69. Nf6 Qb4+ 0-1

[Event "*** Titled Tuesday Blitz"]
[Site "Chess.com"]
[Date "2019.11.05"]
[Round "5"]
[White "wild_cat99"]
[Black "Irishchessman16"]
[Result "1/2-1/2"]
[WhiteElo "2391"]
[BlackElo "2195"]
[TimeControl "180+2"]
[EndTime "14:10:31 PST"]
[Termination "Game drawn - insufficient material"]

1. d4 Nf6 2. c4 e6 3. Nf3 d5 4. g3 dxc4 5. Bg2 Bd7 6. Qc2 Bb5 7. O-O Nc6 8. a4 Ba6 9. Nbd2 Nxd4 10. Nxd4 Qxd4 11. Nf3 Qe4 12. Qc3 Nd5 13. Qd2 Bb4 14. Qg5 Qg6 15. Qe5 Qf6 16. Qe4 Qg6 17. Qd4 c5 18.
Qe5 c3 19. Rd1 O-O 20. e4 c2 21. Rd2 Bxd2 22. Bxd2 Nf6 23. Rc1 Qxe4 24. Qxe4 Nxe4 25.
Be3 Rfd8 26. Ne1 Nd2 27. Nxc2 Nb3 28. Re1 Bd3 29. Na3 Rd7 30. f4 Rad8 31. Kf2 f5 32.
Bf3 Kf7 33. Bh5+ g6 34. Bd1 Nd4 35. Bd2 a6 36. Bc3 Be4 37. Ba5 Rc8 38. Nc4 Kf6 39. Nb6 Rcc7 40. Nxd7+ Rxd7 41. h4 Nc6 42. Bc3+ Kf7 43.
Be2 Bd3 44. Rd1 c4 45. b3 b5 46. axb5 axb5 47. bxc4 bxc4 48. Bxd3 cxd3 49. Ke3 e5 50.
fxe5 Ke6 51. Rxd3 Rxd3+ 52. Kxd3 Nxe5+ 53. Ke3 Nf7 54. Kf4 h6 55. Bd2 g5+ 56. hxg5 hxg5+ 57. Kf3 Kd5 58. Ke3 Ne5 59. Ke2 Nf7 60. Ke3 Ke5 61. Bc3+ Ke6 62. Kd4 Ne5 63. Bb2 Nf3+ 64. Ke3 Ne5 65.
Kd4 Nc6+ 66. Kc5 Ne7 67. Bc1 Kf6 68. Be3 Kg6 69. Kd6 Ng8 70. Ke5 Nf6 71. Bd4 Ng4+ 72.
Kd5 Kh5 73. Ke6 Nh6 74. Be3 Kg4 75. Bf2 Kf3 76. Be1 Ke2 77. Ba5 Kf2 78. Bc7 Kf3 79. Kf6 Kg4 80. Kg6 Ng8 81. Kf7 Nh6+ 82. Kg7 f4 83.
Kxh6 f3 84. Bb6 Kxg3 85. Kxg5 f2 86. Bxf2+ 1/2-1/2

[Event "*** Titled Tuesday Blitz"]
[Site "Chess.com"]
[Date "2019.11.05"]
[Round "5"]
[White "codapbg94"]
[Black "Siemba"]
[Result "1-0"]
[WhiteElo "2155"]
[BlackElo "2194"]
[TimeControl "180+2"]
[EndTime "14:10:57 PST"]
[Termination "codapbg94 won on time"]

1. e4 e5 2. Bc4 c6 3. Nf3 d5 4. exd5 e4 5. Qe2 cxd5 6. Bb5+ Nc6 7. Nd4 Bd7 8. Nxc6 bxc6 9. Ba4 Nf6 10. d3 Be7 11.
dxe4 Nxe4 12. O-O O-O 13. c3 Bd6 14. Qf3 Qh4 15. g3 Qh3 16. Nd2 Bg4 17. Qg2 Qh5 18. Nxe4 dxe4 19. Re1 Bf3 20. Qf1 Rae8 21. Be3 Re5 22.
Bd1 Rb8 23. Bf4 Rd5 24. Bxd6 Rxd6 25. Bxf3 exf3 26. b3 g6 27. Rad1 Rbd8 28. Rxd6 Rxd6 29. Rd1 Re6 30. Re1 Re2 31. Rxe2 fxe2 32. Qe1 Qf3 33. c4 h5 34. h4 f6 35. b4 g5 36. b5 cxb5 37. cxb5 Qd3 38. f3 Qe3+ 39. Kg2 g4 40.
fxg4 hxg4 41. a4 Qf3+ 42. Kg1 f5 43. a5 Qe3+ 44. Kg2 Qe4+ 45. Kg1 Qd4+ 46. Kg2 f4 47. gxf4 Qe4+ 48. Kf2 Qf3+ 49. Kg1 Qe3+ 50. Kg2 Qh3+ 51. Kg1 Qe3+ 52. Kg2 Kf7 53. b6 axb6 54. axb6 Kf6 55. b7 Qe4+ 56. Kg1 Qxb7 57. Qxe2 Qb6+ 58. Kg2 Qd4 59.
Kg3 Qc3+ 60. Kxg4 Qc8+ 61. Kg3 Qg8+ 62. Qg4 Qb3+ 63. Qf3 Qg8+ 64. Kh3 Qe6+ 65. Kg3 Qg8+ 66. Kf2 Qa2+ 67. Qe2 Qa7+ 68. Kg3 Qg7+ 69. Kh3 Qd7+ 70. Kh2 Qd4 71. Qf3 Qd2+ 72. Kg3 Qe1+ 73. Kg4 Qg1+ 74. Kh3 Qc1 75. h5 Qc8+ 76. Kh4 Qc4 77. Qg4 Kf7 78. Qf5+ Kg8 79. h6 1-0

[Event "*** Titled Tuesday Blitz"]
[Site "Chess.com"]
[Date "2019.11.05"]
[Round "5"]
[White "ChessQueen"]
[Black "LPSupi"]
[Result "1/2-1/2"]
[WhiteElo "2679"]
[BlackElo "2980"]
[TimeControl "180+2"]
[EndTime "14:12:21 PST"]
[Termination "Game drawn - insufficient material"]

1. e4 e5 2. Nf3 Nc6 3. Bc4 Bc5 4. d3 Nf6 5. a4 d6 6. a5 a6 7. c3 Ba7 8. O-O h6 9. Re1 g5 10. Be3 g4 11. Nfd2 h5 12. Bxa7 Rxa7 13. Nf1 h4 14. d4 Kf8 15. Qd3 Nh5 16. g3 Ra8 17. Nbd2 Qf6 18. Ne3 exd4 19. Nd5 Qh6 20.
cxd4 hxg3 21. fxg3 Nb4 22. Qe3 Nc2 23. Qxh6+ Rxh6 24. Nxc7 Rb8 25. Rf1 Nxa1 26. Rxf7+ Kg8 27. Rf1+ Kh7 28. Rxa1 Bd7 29. Rf1 Rf6 30. Rxf6 Nxf6 31. e5 dxe5 32. dxe5 Rc8 33. Nxa6 Ne4 34. Bd3 Rc1+ 35.
Kg2 bxa6 36. Nxe4 Kg7 37. Nf6 Be6 38. b4 Rc3 39. Bxa6 Rc2+ 40. Kg1 Rb2 41. b5 Ra2 42. b6 Rxa5 43. b7 Ra1+ 44. Kf2 Rb1 45. Ke3 Kf7 46.
Ne4 Bd5 47. Nd6+ Ke6 48. Kd4 Rd1+ 49. Kc5 Rc1+ 50. Nc4 Rb1 51. Nb6 Bxb7 52. Bxb7 Kxe5 53. Nc4+ Kf6 54. Bc8 Kg5 55. Kd4 Rh1 56. Nd6 Rxh2 57. Ne4+ Kh5 58. Ke5 Rh1 59. Nf6+ Kg5 60. Ne4+ Kh5 61.
Bd7 Rf1 62. Be8+ Kh6 63. Bb5 Rf8 64. Be2 Kh5 65. Nf6+ Kg6 66. Ne4 Kh5 67. Bd1 Rd8 68.
Bb3 Rf8 69. Be6 Rf1 70. Bf5 Ra1 71. Nf2 Ra5+ 72. Kf4 Ra4+ 73. Ne4 Ra8 74. Bxg4+ Kg6 75. Bf5+ Kg7 76. g4 Ra1 77. Ng3 Ra4+ 78. Be4 Ra5 79. g5 Rb5 80. Nh5+ Kf7 81. Nf6 Ra5 82. Ng4 Rb5 83.
Ne5+ Ke6 84. Nf3 Ra5 85. Nd4+ Kf7 86. Nf5 Ke6 87. Nh6 Ra1 88. Ng4 Rf1+ 89. Bf3 Ra1 90. g6 Ra5 91. Be4 Rb5 92. Kg3 Rh5 93. Bd3 Rc5 94.
Kh4 Ke7 95. Be4 Ra5 96. Bc2 Rc5 97. Bb3 Kf8 98. Bf7 Kg7 99. Kg3 Rf5 100. Be8 Rf8 101. Bf7 Rxf7 102. gxf7 Kxf7 1/2-1/2

[Event "*** Titled Tuesday Blitz"]
[Site "Chess.com"]
[Date "2019.11.05"]
[Round "5"]
[White "platy3"]
[Black "vinniethepooh"]
[Result "1/2-1/2"]
[WhiteElo "2899"]
[BlackElo "2698"]
[TimeControl "180+2"]
[EndTime "14:12:26 PST"]
[Termination "Game drawn by 50-move rule"]

1. e4 c5 2. Nf3 d6 3. d4 cxd4 4. Nxd4 Nf6 5. Nc3 a6 6. a4 e5 7. Nf3 Be7 8. Bc4 O-O 9. O-O Be6 10. Qe2 Qc8 11. Bb3 Nbd7 12. Bg5 h6 13. Bh4 Nc5 14.
Bxf6 Bxf6 15. Bd5 Be7 16. Qc4 a5 17. Ne1 Na6 18. Qb5 Nb4 19. Rd1 Qc7 20. Qe2 Rac8 21.
Bxe6 fxe6 22. Nb5 Qc4 23. Qxc4 Rxc4 24. Nxd6 Bxd6 25. Rxd6 Nxc2 26. Nxc2 Rxc2 27. Rxe6 Rxb2 28. Rxe5 b6 29. g3 Rb4 30. Re1 Rxa4 31. Rb5 Re8 32. e5 Rd4 33. Rxb6 a4 34. Ra6 Kh7 35. Re2 g5 36. Rc2 Re7 37. Re2 g4 38. h3 h5 39.
hxg4 hxg4 40. Kg2 Kg7 41. Re3 Kf7 42. Re1 Re6 43. Ra5 Kg6 44. Rc1 Kf5 45. Rc8 Re4 46.
Rcc5 R6xe5 47. Rxe5+ Rxe5 48. Rxa4 Rb5 49. Rf4+ Kg5 50.
Rf8 Re5 51. Kf1 Re7 52. Rd8 Re5 53. Rd2 Kf5 54. Rd4 Kg5 55. Rd8 Kf5 56. Rg8 Re7 57.
Rh8 Kg5 58. Ra8 Re5 59. Ra2 Kf5 60. Re2 Rb5 61. Ke1 Rb1+ 62. Kd2 Rb2+ 63. Ke3 Rb4 64. Rd2 Re4+ 65. Kd3 Ra4 66. Rc2 Ra3+ 67. Rc3 Ra4 68. Rc5+ Kg6 69. Ke3 Ra3+ 70. Ke2 Ra2+ 71. Ke1 Ra1+ 72.
Kd2 Ra2+ 73. Rc2 Ra3 74. Rc3 Ra2+ 75. Ke3 Kf5 76. Rb3 Kg6 77. Rb5 Kf6 78. Rd5 Kg6 79. Rd2 Ra4 80. Rd4 Ra3+ 81. Rd3 Ra4 82. Rd5 Ra3+ 83.
Rd3 Ra4 84. Rc3 Kf5 85. Rb3 Kg5 86. Rb2 Kf5 87. Rd2 Ra3+ 88. Rd3 Ra4 89. Rd5+ Kg6 90. Re5 Ra3+ 91. Ke4 Ra4+ 92. Kd3 Ra3+ 93. Kd2 Ra2+ 94. Ke1 Ra1+ 95. Ke2 Ra2+ 96. Kf1 Kf6 97. Re2 Ra1+ 98. Re1 1/2-1/2

[Event "*** Titled Tuesday Blitz"]
[Site "Chess.com"]
[Date "2019.11.05"]
[Round "6"]
[White "IMRosen"]
[Black "tteshan"]
[Result "1-0"]
[WhiteElo "2601"]
[BlackElo "2308"]
[TimeControl "180+2"]
[EndTime "14:16:16 PST"]
[Termination "IMRosen won by resignation"]

1. d4 d5 2. Bf4 Nf6 3. e3 c5 4. Nf3 Nc6 5. Nbd2 e6 6. c3 Bd6 7. Bg3 Ne7 8. Bb5+ Nc6 9. Qa4 Bxg3 10. Bxc6+ bxc6 11. hxg3 Qd6 12. Qa3 Nd7 13. Nb3 Rb8 14.
dxc5 Qc7 15. Qa4 Rb5 16. Nfd4 Ra5 17. Qxa5 1-0

[Event "*** Titled Tuesday Blitz"]
[Site "Chess.com"]
[Date "2019.11.05"]
[Round "6"]
[White "riconaipe"]
[Black "colegiodemadrid"]
[Result "1-0"]
[WhiteElo "2617"]
[BlackElo "2418"]
[TimeControl "180+2"]
[EndTime "14:16:18 PST"]
[Termination "riconaipe won by resignation"]

1. d4 d5 2. c4 e6 3. Nc3 Nf6 4. Nf3 Be7 5. e3 O-O 6. a3 c5 7. dxc5 Bxc5 8. b4 Be7 9. Bb2 Nc6 10. cxd5 exd5 11. Be2 Bf5 12. O-O Bd6 13. Qb3 Rc8 14.
Rad1 Be6 15. Nd4 Bb8 16. Bf3 Qc7 17. g3 Nxd4 18. Rxd4 a6 19. Nxd5 Nxd5 20. Bxd5 Bxd5 21. Rxd5 Qc2 22. Qxc2 Rxc2 23. Bd4 Ra2 24. Bc5 Re8 25. Rfd1 f6 26. Rd8 Kf7 27. R1d7+ 1-0

[Event "*** Titled Tuesday Blitz"]
[Site "Chess.com"]
[Date "2019.11.05"]
[Round "6"]
[White "Bigfish1995"]
[Black "WeAintSurePal"]
[Result "1-0"]
[WhiteElo "3013"]
[BlackElo "2478"]
[TimeControl "180+2"]
[EndTime "14:16:44 PST"]
[Termination "Bigfish1995 won by resignation"]

1. d4 Nf6 2. c4 e6 3. Nc3 d5 4. Bg5 Nbd7 5. e3 c6 6. h4 Bd6 7. Nf3 h6 8. Bf4 Bxf4 9. exf4 O-O 10. g3 b6 11. cxd5 cxd5 12. Bd3 Bb7 13. Qe2 a6 14. O-O b5 15. a3 Rc8 16. Nd1 Nb6 17.
b3 Rc7 18. Ne5 Nc8 19. Ne3 Nd6 20. Rfc1 Nfe4 21. Qe1 Rxc1 22. Rxc1 Qb6 23. Bxe4 Nxe4 24. Nd7 Qxd4 25. Nxf8 Kxf8 26. Rc7 Qb6 27. Qb4+ Kg8 28.
Qe7 Nd6 29. Rd7 d4 30. Rxd6 Qc5 31. Rd8+ 1-0

[Event "*** Titled Tuesday Blitz"]
[Site "Chess.com"]
[Date "2019.11.05"]
[Round "6"]
[White "Walter_White_Poland"]
[Black "Irishchessman16"]
[Result "1-0"]
[WhiteElo "2320"]
[BlackElo "2187"]
[TimeControl "180+2"]
[EndTime "14:16:54 PST"]
[Termination "Walter_White_Poland won by resignation"]

1. e4 c5 2. Nf3 d6 3. d4 cxd4 4. Nxd4 Nf6 5. Nc3 Nc6 6. Bg5 e6 7. Qd2 a6 8. O-O-O Bd7 9. f4 b5 10. Bxf6 Qxf6 11. e5 dxe5 12. Ndxb5 Qxf4 13. Qxf4 exf4 14. Nc7+ Kd8 15. Nxa8 Bc5 16. Bxa6 Ke7 17. Nc7 Nb4 18. Bb5 Bxb5 19. N7xb5 Ra8 20. a3 Nc6 21. Kb1 Ne5 22.
Ne4 Rb8 23. Nxc5 Rxb5 24. Nd3 Nxd3 25. Rxd3 Rg5 26. Rd2 e5 27. Re1 Ke6 28. a4 e4 29.
Rxe4+ 1-0

[Event "*** Titled Tuesday Blitz"]
[Site "Chess.com"]
[Date "2019.11.05"]
[Round "6"]
[White "Svet99"]
[Black "Chempiblinka"]
[Result "0-1"]
[WhiteElo "2148"]
[BlackElo "2298"]
[TimeControl "180+2"]
[EndTime "14:17:35 PST"]
[Termination "Chempiblinka won by resignation"]

1. c4 Nf6 2. Nc3 c5 3. g3 Nc6 4.
Bg2 d6 5. Nf3 e6 6. O-O Be7 7. d4 cxd4 8. Nxd4 Bd7 9. Ndb5 Qb8 10. Bf4 Ne5 11. Bg5 Nxc4 12. b3 Ne5 13. Bxf6 gxf6 14. f4 Ng4 15. Qd3 a6 16. Na3 Qa7+ 17.
Kh1 d5 18. Nc2 Nf2+ 19. Rxf2 Qxf2 20. Rf1 Qc5 21. Nd4 Rc8 22. Nd1 h5 23. e4 h4 24. g4 h3 25. Bf3 dxe4 26. Qxe4 b5 27. Re1 Qb4 28. Nf2 Rc3 29. Nd3 Rxd3 0-1

[Event "*** Titled Tuesday Blitz"]
[Site "Chess.com"]
[Date "2019.11.05"]
[Round "6"]
[White "ChessBitl"]
[Black "SanchezKelvin"]
[Result "1-0"]
[WhiteElo "2358"]
[BlackElo "2483"]
[TimeControl "180+2"]
[EndTime "14:17:44 PST"]
[Termination "ChessBitl won by resignation"]

1. e4 c5 2. Nf3 d6 3. d4 cxd4 4. Nxd4 Nf6 5. f3 e5 6. Bb5+ Bd7 7. Bxd7+ Qxd7 8. Nf5 d5 9. Bg5 dxe4 10. Bxf6 gxf6 11. fxe4 Qxd1+ 12. Kxd1 Nc6 13. Ke2 O-O-O 14. Nc3 Rg8 15.
g3 Nd4+ 16. Nxd4 exd4 17. Nd5 f5 18. Kd3 fxe4+ 19. Kxe4 f5+ 20. Ke5 Bg7+ 21. Ke6 Rge8+ 22. Ne7+ Kc7 23. Rhe1 Bh8 24. Kxf5 Kd6 25. Re6+ Kd7 26. Rae1 Rc8 27. Nxc8 1-0

[Event "*** Titled Tuesday Blitz"]
[Site "Chess.com"]
[Date "2019.11.05"]
[Round "6"]
[White "GM_shahin"]
[Black "gena217"]
[Result "0-1"]
[WhiteElo "2736"]
[BlackElo "2932"]
[TimeControl "180+2"]
[EndTime "14:17:50 PST"]
[Termination "gena217 won by resignation"]

1. d4 Nf6 2. Nf3 e6 3. Bf4 d5 4.
e3 c5 5. Nbd2 Nc6 6. c3 Bd6 7. Bg3 O-O 8. Bb5 Ne7 9. Bd3 b6 10.
e4 c4 11. Bxd6 cxd3 12. e5 Ne4 13. Nxe4 dxe4 14. Ng5 f5 15. exf6 Qxd6 16. fxe7 Qxe7 17. Nxe4 Bb7 18. Qxd3 Qh4 19. Nd2 Qxf2+ 20. Kd1 Qxg2 21. Kc2 Rf2 22. Rag1 Be4 0-1

[Event "*** Titled Tuesday Blitz"]
[Site "Chess.com"]
[Date "2019.11.05"]
[Round "6"]
[White "SHIVACalypso"]
[Black "Rhinos1"]
[Result "1-0"]
[WhiteElo "2281"]
[BlackElo "2053"]
[TimeControl "180+2"]
[EndTime "14:18:09 PST"]
[Termination "SHIVACalypso won by resignation"]

1. Nf3 Nf6 2. c4 g6 3. g3 Bg7 4. Bg2 O-O 5. O-O d6 6. Nc3 Nc6 7. d3 e5 8. Rb1 a5 9. a3 Nh5 10. Nd5 Ne7 11. Bg5 f6 12. Bd2 c6 13. Nc3 f5 14. b4 axb4 15. axb4 f4 16. b5 d5 17. bxc6 bxc6 18. Qb3 Kh8 19. cxd5 cxd5 20. Ng5 h6 21.
Nxd5 Nxd5 22. Bxd5 Bh3 23. Nxh3 fxg3 24. hxg3 Ra6 25. Bb4 Rb6 26. Qc4 Rff6 27. Ba5 1-0

[Event "*** Titled Tuesday Blitz"]
[Site "Chess.com"]
[Date "2019.11.05"]
[Round "6"]
[White "SiddharthGMJagadeesh"]
[Black "twitchTriniCupid"]
[Result "1-0"]
[WhiteElo "2592"]
[BlackElo "2430"]
[TimeControl "180+2"]
[EndTime "14:18:11 PST"]
[Termination "SiddharthGMJagadeesh won on time"]

1. Nf3 Nf6 2. b3 d5 3. Bb2 b6 4. g3 Bb7 5. Bg2 Nbd7 6. O-O e6 7. c4 c5 8. cxd5 Bxd5 9. Nc3 Bb7 10. d4 cxd4 11. Qxd4 Bc5 12. Qd2 O-O 13. Rad1 Qe7 14. Na4 Rfd8 15. Nxc5 Nxc5 16. Qf4 Nd5 17. Qg4 f5 18. Qh5 h6 19. Nh4 Qf7 20. Qxf7+ Kxf7 21. Nf3 1-0

[Event "*** Titled Tuesday Blitz"]
[Site "Chess.com"]
[Date "2019.11.05"]
[Round "6"]
[White "Alextorngren"]
[Black "Vamostodorecto"]
[Result "0-1"]
[WhiteElo "2217"]
[BlackElo "2440"]
[TimeControl "180+2"]
[EndTime "14:18:20 PST"]
[Termination "Vamostodorecto won by resignation"]

1. Nf3 d5 2. b3 f6 3. c4 d4 4. e3 c5 5. Bb2 e5 6. exd4 cxd4 7. d3 Nc6 8. g3 Bg4 9. h3 Be6 10. Bg2 Qd7 11. Nbd2 Bd6 12. a3 h6 13. b4 f5 14.
c5 Bc7 15. Nc4 e4 16. Nfd2 e3 17. Nf3 exf2+ 18. Kxf2 a6 19. Re1 Nf6 20. Qe2 Nh5 21. Qxe6+ Qxe6 22. Rxe6+ Kf7 23. Re2 Bxg3+ 24. Kg1 Rhe8 25.
Rxe8 Rxe8 26. Nxd4 Nxd4 27. Bxd4 Re2 28. Bd5+ Kg6 29. Bf3 Bh2+ 0-1

[Event "*** Titled Tuesday Blitz"]
[Site "Chess.com"]
[Date "2019.11.05"]
[Round "6"]
[White "irregularity"]
[Black "ChadBiryani"]
[Result "0-1"]
[WhiteElo "2411"]
[BlackElo "2211"]
[TimeControl "180+2"]
[EndTime "14:18:23 PST"]
[Termination "ChadBiryani won by resignation"]

1. Nc3 d5 2. e4 d4 3. Nce2 g6 4. c3 c5 5. Nf3 Nc6 6. Ng3 Bg7 7. Bb5 Bd7 8. O-O Nf6 9. e5 Ng4 10. Bxc6 Bxc6 11. Nxd4 cxd4 12. Qxg4 Bxe5 13. f4 Bg7 14. f5 O-O 15. Rb1 Qd5 16. Qe2 Qxa2 17. Qd3 Bb5 18.
Qxb5 Qxb1 19. d3 dxc3 20. Bh6 Qxb2 0-1

[Event "*** Titled Tuesday Blitz"]
[Site "Chess.com"]
[Date "2019.11.05"]
[Round "6"]
[White "PawnEatingZombie"]
[Black "victormago"]
[Result "0-1"]
[WhiteElo "2174"]
[BlackElo "2463"]
[TimeControl "180+2"]
[EndTime "14:18:25 PST"]
[Termination "victormago won by resignation"]

1. d4 Nf6 2. c4 c5 3. d5 e6 4.
Nc3 exd5 5. cxd5 d6 6. Nf3 g6 7. Bf4 a6 8. Nd2 Nh5 9. Be3 Nd7 10. g4 Nhf6 11. h3 Bg7 12. Nc4 Nb6 13. Nxb6 Qxb6 14. Qd2 Qd8 15. Bg2 b5 16. a4 b4 17. Nd1 O-O 18.
O-O Re8 19. Bf4 Ne4 20. Bxe4 Rxe4 21. f3 Re8 22. e4 Bd4+ 23. Kg2 a5 24. Ne3 Ba6 25.
Rfc1 Qf6 26. Nc4 Bxc4 27. Rxc4 Bxb2 28. Rb1 Be5 29. Bxe5 Qxe5 30. f4 Qe7 31. Re1 Qd7 32. e5 Qxa4 33. e6 fxe6 34. dxe6 Qc6+ 35. Kh2 d5 36. f5 dxc4 37. Qh6 Qc7+ 38. Kg2 gxf5 0-1

[Event "*** Titled Tuesday Blitz"]
[Site "Chess.com"]
[Date "2019.11.05"]
[Round "6"]
[White "Orest_Vovk"]
[Black "albano87"]
[Result "1-0"]
[WhiteElo "2416"]
[BlackElo "2006"]
[TimeControl "180+2"]
[EndTime "14:18:27 PST"]
[Termination "Orest_Vovk won by checkmate"]

1. h3 c5 2. g4 Nc6 3. Bg2 g6 4. d3 Bg7 5. c4 e5 6. Nc3 Nge7 7. Nf3 O-O 8. Be3 d6 9. Qd2 Nd4 10. Rc1 Be6 11. Bh6 f6 12. Bxg7 Kxg7 13. Nxd4 cxd4 14. Nd5 Bxd5 15. Bxd5 Nxd5 16. cxd5 Rc8 17. O-O Qb6 18. Rxc8 Rxc8 19. Rc1 Rxc1+ 20. Qxc1 Qc5 21. Qd2 Qxd5 22. Qb4 Qc6 23. Qa5 Qd7 24. Qxa7 Qc6 25. b4 h5 26. Qb8 hxg4 27. hxg4 Qd7 28. f3 d5 29. Kf2 e4 30.
Qf4 e3+ 31. Kg2 Qc6 32. Qxd4 Qc1 33. f4 Kh6 34. Qxf6 Qe1 35. Qh8# 1-0

[Event "*** Titled Tuesday Blitz"]
[Site "Chess.com"]
[Date "2019.11.05"]
[Round "6"]
[White "Feegus"]
[Black "codapbg94"]
[Result "1-0"]
[WhiteElo "2344"]
[BlackElo "2151"]
[TimeControl "180+2"]
[EndTime "14:18:27 PST"]
[Termination "Feegus won by resignation"]

1. Nf3 Nf6 2. g3 g6 3. Bg2 Bg7 4. O-O O-O 5. c4 d6 6. Nc3 Nc6 7. Rb1 a5 8. a3 e5 9. d3 h6 10. b4 axb4 11. axb4 Be6 12. b5 Ne7 13. Nd2 Rb8 14. Bb2 Qd7 15. Re1 Bh3 16. Bh1 Ng4 17.
Ra1 f5 18. Ra7 b6 19. Nd5 Nxd5 20. Bxd5+ Kh8 21. Nf3 Nf6 22. Nh4 Kh7 23. Bc6 Qe7 24. Qa1 g5 25. Nf3 e4 26. dxe4 fxe4 27. Nd4 Bf5 28. Nxf5 1-0

[Event "*** Titled Tuesday Blitz"]
[Site "Chess.com"]
[Date "2019.11.05"]
[Round "6"]
[White "StephenDedalus83"]
[Black "FearlessKing64"]
[Result "1-0"]
[WhiteElo "2797"]
[BlackElo "2325"]
[TimeControl "180+2"]
[EndTime "14:18:30 PST"]
[Termination "StephenDedalus83 won by resignation"]

1. e4 c5 2. Nf3 d6 3. d4 cxd4 4. Nxd4 Nf6 5. Nc3 a6 6. Bc4 e6 7. O-O b5 8. Bb3 b4 9. Na4 Bd7 10. c3 bxc3 11. Nxc3 Nc6 12. f4 Nxd4 13. Qxd4 Qc7 14.
Be3 Ng4 15. Rac1 Nxe3 16. Qxe3 Qa7 17. Qxa7 Rxa7 18. Ba4 Be7 19. Bxd7+ Kxd7 20. Na4 Rb8 21. b3 Rb4 22. Rfe1 Rc7 23. Rxc7+ Kxc7 24. Kf2 d5 25. Kf3 dxe4+ 26. Rxe4 Rxe4 27. Kxe4 Bb4 28. Nb2 Kd7 29.
Nd3 Bd6 30. b4 Kc6 31. a4 f6 32. Kd4 Bxf4 33. Nxf4 e5+ 34. Ke4 exf4 35. Kxf4 Kd5 36. Kf5 Kc4 37. b5 axb5 38. axb5 Kxb5 39. Ke6 Kc4 40. Kf7 Kd3 41. Kxg7 Ke2 42. Kxh7 Kf2 43. Kg6 Kxg2 44. h4 1-0

[Event "*** Titled Tuesday Blitz"]
[Site "Chess.com"]
[Date "2019.11.05"]
[Round "6"]
[White "Ceejay271"]
[Black "chito89"]
[Result "0-1"]
[WhiteElo "2368"]
[BlackElo "2755"]
[TimeControl "180+2"]
[EndTime "14:18:32 PST"]
[Termination "chito89 won by resignation"]

1. d4 Nf6 2. c4 e6 3. g3 Bb4+ 4.
Nd2 d5 5. Bg2 O-O 6. Nf3 dxc4 7.
Qc2 Nc6 8. Qxc4 Qd5 9. Qxd5 exd5 10. a3 Bd6 11. O-O Re8 12. e3 Bf5 13. b4 a5 14. b5 Na7 15. a4 c6 16. bxc6 Nxc6 17. Ba3 Nb4 18. Bxb4 axb4 19. Rfc1 Rec8 20.
Rxc8+ Rxc8 21. Ne1 Rc3 22. Ndf3 b3 0-1

[Event "*** Titled Tuesday Blitz"]
[Site "Chess.com"]
[Date "2019.11.05"]
[Round "6"]
[White "StoreySniper"]
[Black "Vojtap"]
[Result "0-1"]
[WhiteElo "2274"]
[BlackElo "2162"]
[TimeControl "180+2"]
[EndTime "14:18:32 PST"]
[Termination "Vojtap won by resignation"]

1. d4 Nf6 2. Nf3 c5 3. c3 d5 4. e3 Nc6 5. Nbd2 Bf5 6. Qa4 e6 7. Ne5 Qc7 8. Ndf3 Bd6 9. Nxc6 bxc6 10. dxc5 Bxc5 11. Nd4 Bxd4 12. cxd4 O-O 13. Bd2 c5 14. Rc1 Ne4 15. Ba5 Qe7 16. f3 Qh4+ 17. g3 Nxg3 18.
hxg3 Qxh1 19. Kf2 Qh2+ 20. Bg2 cxd4 21. Qxd4 Bh3 22. Rg1 Rac8 23. Bc3 f6 24. Qh4 e5 25. Qxh3 Qxh3 26. Bxh3 Rc6 27. Rd1 Rd8 28. Bf5 g6 29. Bc2 Kg7 30. Bb3 Rcd6 31. Bb4 R6d7 32. Ba4 Rb7 33.
a3 a5 34. Bxa5 Rxb2+ 35. Rd2 Rxd2+ 36. Bxd2 Ra8 37. Bc6 Rxa3 38. Bxd5 Rd3 39. Ke2 Rxd5 40. g4 Rb5 41. e4 0-1

[Event "*** Titled Tuesday Blitz"]
[Site "Chess.com"]
[Date "2019.11.05"]
[Round "6"]
[White "IMAghasiyevKamal"]
[Black "TregubovP"]
[Result "0-1"]
[WhiteElo "2413"]
[BlackElo "2548"]
[TimeControl "180+2"]
[EndTime "14:18:39 PST"]
[Termination "TregubovP won by resignation"]

1. d4 Nf6 2. c4 e6 3. Nf3 Bb4+ 4. Bd2 Qe7 5. g3 Bxd2+ 6. Nbxd2 d6 7. Bg2 O-O 8. O-O e5 9. e4 Nbd7 10. Re1 a5 11.
Rc1 b6 12. Nb1 exd4 13. e5 dxe5 14. Nxd4 e4 15. Nc3 Nc5 16. Qc2 Bb7 17. f3 Qd7 18. Rcd1 Nd3 19. Ndb5 Nxe1 20. Rxd7 Nxc2 21. Rxc7 exf3 22.
Bf1 Ba6 0-1

[Event "*** Titled Tuesday Blitz"]
[Site "Chess.com"]
[Date "2019.11.05"]
[Round "6"]
[White "Alex_Terzi"]
[Black "adricalderon8"]
[Result "0-1"]
[WhiteElo "2495"]
[BlackElo "2366"]
[TimeControl "180+2"]
[EndTime "14:18:39 PST"]
[Termination "adricalderon8 won by resignation"]

1. e4 c5 2. Nc3 Nc6 3. Bb5 d6 4. Bxc6+ bxc6 5. f4 e6 6. Nf3 Be7 7. O-O d5 8. d3 Nf6 9. Qe1 O-O 10. Qg3 c4 11. e5 Ne8 12. d4 c5 13. Ne2 cxd4 14.
Nexd4 Rb8 15. c3 Bd7 16. Rf2 f6 17. Be3 Qc7 18. Raf1 f5 19. Ng5 Bxg5 20. Qxg5 Rf7 21. h4 Qa5 22. a3 Qd8 23. h5 Nc7 24. Qg3 Na6 25. Nf3 h6 26. Nh4 Qc7 27. Ng6 Nc5 28.
Bxc5 Qxc5 29. Kh2 Be8 30. Qf3 Rfb7 31. Rb1 Bxg6 32. hxg6 Rb3 33. Rd2 Rxa3 34. Rbd1 Rab3 35. Rxd5 exd5 36. Rxd5 Qe7 37. Rd2 Qh4+ 38. Kg1 Qe1+ 0-1